 Dungeon Crawl Stone Soup version 0.29.1-1-gd02db6906a (webtiles) character file.

Game seed: 7112981469278568555

799 LabCoat the Chopper (level 7, -8/61 HPs)
             Began as a Hill Orc Fighter on Sept 16, 2022.
             Mangled by Edmund
             ... wielding a +5 dire flail of protection
              (17 damage)
             ... on level 6 of the Dungeon.
             The game lasted 00:09:32 (4258 turns).

LabCoat the Chopper (Hill Orc Fighter)              Turns: 4258, Time: 00:09:33

Health: -8/61      AC: 16    Str: 21    XL:     7   Next: 90%
Magic:  7/7        EV:  6    Int:  8    God:
Gold:   244        SH:  5    Dex: 10    Spells: 6/6 levels left

rFire   . . .      SeeInvis .   a - +0 war axe
rCold   . . .      Faith    .   c - +0 buckler
rNeg    . . .      Spirit   .   h - +0 plate armour
rPois   .          Reflect  .   (no helmet)
rElec   .          Harm     .   (no cloak)
rCorr   .          Rampage  .   (no gloves)
Will    .....                   (no boots)
Stlth   ..........              (no amulet)
HPRegen 0.20/turn               p - +4 ring of slaying
MPRegen 0.10/turn               x - +4 ring of protection

@: mighty, hasted, very quick
A: no striking features
a: no special abilities


You were on level 6 of the Dungeon.
You visited 1 branch of the dungeon, and saw 6 of its levels.

You collected 244 gold pieces.

Inventory:

Hand Weapons
 a - a +0 war axe (weapon)
 v - a +0 flail
Missiles
 r - 9 boomerangs (quivered)
 y - 5 poisoned darts
Armour
 c - a +0 buckler (worn)
 h - a +0 plate armour (worn)
Jewellery
 p - a +4 ring of slaying (left hand)
 x - a +4 ring of protection (right hand)
Scrolls
 b - a scroll of poison {unknown}
 e - a scroll of amnesia {unknown}
 f - 2 scrolls of enchant weapon
 l - a scroll of butterflies
 m - 3 scrolls of teleportation
 n - a scroll of brand weapon {unknown}
 t - a scroll of blinking {unknown}
 u - a scroll of silence {unknown}
 w - a scroll of immolation {unknown}
 A - a scroll of torment {unknown}
Potions
 g - a potion of magic
 i - 2 potions of flight
 k - a potion of lignification {unknown}
 s - a potion of ambrosia {unknown}


   Skills:
 + Level 5.4 Fighting
 * Level 7.0 Axes
 + Level 2.7 Throwing
 + Level 5.1 Armour
 + Level 4.9 Shields


You had 6 spell levels left.
You didn't know any spells.
Your spell library was empty.

Dungeon Overview and Level Annotations

Branches:
Dungeon (6/15)
 Temple: D:4-7

Altars:
Hepliaklqana
Ru

Shops:
D:2 (

Annotations:
D:5 3 runed translucent doors, H0rd4k's ghost, novice HuAr
D:6 Edmund


Message History

Edmund is lightly wounded.
You slash the jelly!
Your hands burn!
* * * LOW HITPOINT WARNING * * *
Edmund hits you with a +5 dire flail of protection!
* * * LOW HITPOINT WARNING * * *
The jelly hits you but does no damage. You block Edmund's attack.
You feel much better. The jelly hits you but does no damage.
Edmund barely misses you.
As you read the scroll of fear, it crumbles to dust.
You assume a fearsome visage.
Edmund is unaffected.
The jelly looks frightened!
Edmund hits you but does no damage.
You slash Edmund!
Edmund is moderately wounded.
You hit the jelly.
You kill the jelly!
Edmund barely misses you.
You hit Edmund.
Edmund is moderately wounded.
Edmund hits you but does no damage.
You hit Edmund.
Edmund is moderately wounded.
You block Edmund's attack.
You hit Edmund.
Edmund is heavily wounded.
Edmund hits you with a +5 dire flail of protection!
* * * LOW HITPOINT WARNING * * *
You feel better.
Edmund hits you with a +5 dire flail of protection!
* * * LOW HITPOINT WARNING * * *
You barely miss Edmund.
Edmund is heavily wounded.
Edmund barely misses you.
You slice Edmund!!
Edmund is severely wounded.
Edmund hits you with a +5 dire flail of protection.
* * * LOW HITPOINT WARNING * * *
You hit Edmund.
Edmund is almost dead.
Edmund hits you with a +5 dire flail of protection!
You die...

## ## ##.##..#.
#........
##........
#.@@......
#.....?.......
...............
.####......##..
##....## .
#.#... .. #...
.. #..#


You could see Edmund (berserk).

Vanquished Creatures
  An ogre (D:4)
  A centaur (D:5)
  A phantom (D:5)
  4 scorpions
  2 jellies
  An orc priest (D:3)
  3 orc wizards
  6 adders
  A white imp (D:5)
  An ufetubus (D:3)
  A worm (D:4)
  2 dart slugs (D:2)
  13 orcs
  4 bats
  5 endoplasms
  A giant cockroach (D:2)
  9 goblins
  6 hobgoblins
  3 jackals (D:5)
  8 quokkas
  9 ball pythons
  3 frilled lizards
  6 kobolds
  2 rats
93 creatures vanquished.

Vanquished Creatures (others)
  4 plants (D:4)
4 creatures vanquished.

Grand Total: 97 creatures vanquished

Notes
Turn   | Place    | Note
-------+----------+-------------------------------------------
     0 | D:1      | LabCoat the Hill Orc Fighter began the quest for the Orb.
     0 | D:1      | Reached XP level 1. HP: 19/19 MP: 1/1
    86 | D:1      | Reached skill level 3 in Axes
   462 | D:1      | Reached XP level 2. HP: 23/27 MP: 2/2
   872 | D:1      | Found a faded altar of an unknown god.
  1038 | D:2      | Reached XP level 3. HP: 33/33 MP: 3/3
  1077 | D:2      | Found Puguasio's Weapon Shop.
  1437 | D:3      | Found a sacrificial altar of Ru.
  1811 | D:3      | Reached XP level 4. HP: 40/40 MP: 4/4
  1815 | D:3      | Reached skill level 4 in Axes
  1815 | D:3      | Reached skill level 1 in Throwing
  1836 | D:3      | Reached XP level 5. HP: 32/46 MP: 5/5
  2044 | D:3      | Identified the +1 trident of Xiaminuv {elec, Fragile Dex+6
                  | Stlth+}
  2235 | D:4      | Found a hazy altar of Hepliaklqana.
  2241 | D:4      | Reached skill level 5 in Axes
  2241 | D:4      | Reached XP level 6. HP: 47/53 MP: 6/6
  3429 | D:5      | Entered Level 5 of the Dungeon
  3475 | D:5      | Reached skill level 5 in Fighting
  3475 | D:5      | Reached skill level 6 in Axes
  3475 | D:5      | Reached XP level 7. HP: 53/61 MP: 7/7
  3477 | D:5      | Found a runed translucent gate.
  3477 | D:5      | Found a runed translucent gate.
  3477 | D:5      | Noticed H0rd4k's ghost (novice HuAr)
  3478 | D:5      | Found a runed translucent gate.
  3857 | D:5      | Reached skill level 5 in Armour
  4083 | D:5      | Reached skill level 7 in Axes
  4236 | D:6      | Noticed Edmund
  4258 | D:6      | Mangled by Edmund

Illustrated notes

Levels and vault maps discovered:
D:1:      dpeg_arrival_pits, layout_basic,
          hellmonk_ecumenical_altar_inner_sanctum, grunt_decor_one_mirror
D:2:      layout_rooms, serial_shops, shop, st_stairs_12
D:3:      layout_rooms, mainiacjoe_overflow_paths, minmay_crystal_room
D:4:      layout_layer_cave, nicolae_hepliaklqana_hazy_memory
D:5:      layout_loops_ring, gammafunk_ghost_nasty_kobolds, serial_rivers,
          chequers_serial_rivers_micro_d, chequers_serial_rivers_room_b,
          chequers_serial_rivers_micro_b, chequers_serial_rivers_micro_b,
          chequers_serial_rivers_room_b, chequers_serial_rivers_micro_a,
          minivault_11
D:6:      layout_cave_pools, marbit_many_paths, temple_statues,
          minmay_splitting_lines, uniq_edmund

Skill      XL: |  1  2  3  4  5  6  7 |
---------------+----------------------+-----
Axes           | 3 4 5 6 7 |  7.0
Fighting       | 4 5 |  5.4
Throwing       | 1 2 |  2.7
Armour         | 4 5 |  5.1
Shields        | 4 |  4.9

Action                   |  1- 3 |  4- 6 |  7- 9 || total
-------------------------+-------+-------+-------++-------
Melee: War axe           |   110 |    53 |    53 ||   216
Throw: Boomerang         |    36 |    22 |    17 ||    75
  Use: Scroll            |     6 |     2 |     3 ||    11
       Potion            |       |     1 |     4 ||     5
Armor: Scale mail        |    55 |    35 |       ||    90
       Plate armour      |       |       |    34 ||    34
Dodge: Dodged            |    58 |    22 |    14 ||    94
Block: Buckler           |    29 |    11 |     7 ||    47
